 Dungeon Crawl Stone Soup version 0.20.1-1-g8b1a95d66d (webtiles) character file.

6594 MondaySad the Severer (level 10, -8/80 HPs)
             Began as a Minotaur Berserker on Nov 23, 2017.
             Was a High Priest of Trog.
             Succumbed to Sonja's poison
             ... on level 10 of the Dungeon.
             The game lasted 00:24:56 (8369 turns).

MondaySad the Severer (Minotaur Berserker)          Turns: 8369, Time: 00:24:56

Health: -8/80      AC: 19    Str: 24    XL:     10   Next: 71%
Magic:  9/9        EV: 12    Int:  6    God:    Trog [*****.]
Gold:   330        SH:  0    Dex: 11    Spells: 9/9 levels left

rFire    . . .     SeeInvis .   w - +0 hand axe
rCold    + . .     Gourm    .   (no shield)
rNeg     . . .     Faith    .   m - +3 scale mail of the Many Souls {Int+2}
rPois    .         Spirit   .   (helmet restricted)
rElec    .         Reflect  .   p - +1 cloak
rCorr    .         Harm     .   (no gloves)
MR       .....                  (no boots)
Stlth    ..........             (no amulet)
Regen    0.3/turn               u - ring of protection from cold
MPRegen  0.2/turn               z - +5 ring of protection

@: lethally poisoned (-8 -> -151), slowed, very slow
A: retaliatory headbutt, horns 2, molten scales 1, MP-powered wands
a: Berserk, Trog's Hand, Brothers in Arms, Burn Spellbooks, Renounce Religion


You were on level 10 of the Dungeon.
You worshipped Trog.
Trog was extremely pleased with you.
You were not hungry.

You visited 1 branch of the dungeon, and saw 10 of its levels.

You collected 330 gold pieces.

Inventory:

Hand Weapons
 w - a +0 hand axe (weapon)
Armour
 m - the +3 scale mail of the Many Souls (worn) {Int+2}
   (You found it on level 6 of the Dungeon)

   It affects your intelligence (+2).
 p - a +1 cloak (worn)
 x - a +0 scale mail
Jewellery
 u - a ring of protection from cold (left hand)
 y - an uncursed ring of protection from fire {unknown}
 z - a +5 ring of protection (right hand)
 B - a +4 ring of dexterity {unknown}
 E - an uncursed ring of protection from cold
Wands
 f - a wand of random effects (25/48)
 A - a wand of iceblast (2/15)
 H - a wand of lightning (7/15)
 I - a wand of confusion (34/48)
Scrolls
 b - a scroll of amnesia {unknown}
 d - 3 scrolls of teleportation {unknown}
 e - 3 scrolls of remove curse
 i - a scroll of magic mapping
 k - 9 scrolls of identify
 n - a scroll of fear {unknown}
 F - a scroll of recharging {unknown}
Potions
 a - 2 potions of cancellation {unknown}
 h - a potion of resistance {unknown}
 j - 5 potions of agility
 o - a potion of mutation {unknown}
 q - 6 potions of curing {unknown}
 r - 2 potions of heal wounds {unknown}
 t - 2 potions of degeneration {unknown}
 v - a potion of berserk rage {unknown}
 C - a potion of brilliance {unknown}
Comestibles
 c - 3 bread rations
 g - 4 meat rations
 l - 2 royal jellies
 s - 2 fruits
 G - 2 mutagenic chunks of flesh


   Skills:
 - Level 4.5 Fighting
 + Level 17.2 Axes
 * Level 4.7 Armour
 * Level 4.6 Dodging


You had 9 spell levels left.
You didn't know any spells.

Dungeon Overview and Level Annotations

Branches:
Dungeon (10/15)            Temple (0/1) D:6
   Lair: D:8-11         Orc: D:9-12

Altars:
Cheibriados
Dithmenos
Elyvilon
Okawaru
Uskayaw
Vehumet
The Shining One

Annotations:
D:10 Sonja


Innate Abilities, Weirdness & Mutations

You reflexively headbutt those who attack you in melee.
You have a pair of horns on your head.
You are partially covered in molten scales. (AC +2)
You expend magic power (3 MP) to strengthen your wands.


Message History

You feel extremely sick. Sonja hits you but does no damage. x2
You are more poisoned.
Sonja barely misses you.
The crimson imp blinks!
The teleport trap disappears.
The crimson imp disappears!
You slash Sonja!
Sonja is moderately wounded.
* * * LOW HITPOINT WARNING * * *
You feel extremely sick. Sonja closely misses you.
Sonja hits you but does no damage.
You are more poisoned.
Sonja hits you but does no damage.
You are more poisoned.
Press: ? - help, v - describe, . - travel A rock wall.
You miss Sonja.
Sonja is moderately wounded.
Your skin stops crawling.
You feel less resistant to hostile enchantments.
You die...

#.# #.# #.# ##.####
......# ######+##
#####.# #.......#
#...#.### #......(#
#.#.#...# #......K+
#.#...#.###.ยง...@.#
#.#####...'.....(.#
#.#...#####.......#
#.#.#.# #....(..#
#.#.#.# #####'###
#.#.#.# #.## ....#.#
#..# ####### ##.#
#(#


You could see Sonja.

Vanquished Creatures
  Erica (D:8)
  A two-headed ogre (D:9)
  The ghost of MondaySad the Cleaver, a novice MiBe of Trog (D:9)
  An unseen horror (D:9)
  A hornet (D:9)
  3 hippogriffs
  A hungry ghost (D:8)
  Menkaure (D:7)
  An orc warrior (D:9)
  4 sky beasts
  An ice beast (D:5)
  3 ogres
  3 phantoms
  An eye of draining (D:7)
  3 centaurs
  3 bullfrogs
  A wyvern skeleton (D:6)
  3 scorpions
  7 howler monkeys
  6 crimson imps
  6 hounds
  3 centaur skeletons
  2 orc priests (D:9)
  Crazy Yiuf (D:2)
  3 jellies
  3 orc wizards (D:9)
  A bullfrog skeleton (D:9)
  2 iguanas (D:6)
  Natasha (thrice) (D:3)
  2 worker ants
  A hound zombie (D:6)
  A worker ant zombie (D:5)
  10 adders
  3 shadow imps
  An ooze (D:4)
  4 adder skeletons
  4 worms
  2 leopard geckos
  15 orcs
  4 giant cockroaches
  10 goblins
  6 hobgoblins
  8 jackals
  7 quokkas
  A ball python (D:4)
  9 bats
  8 frilled lizards
  5 kobolds
  13 rats
184 creatures vanquished.

Notes
Turn   | Place    | Note
-------+----------+-------------------------------------------
     0 | D:1      | MondaySad the Minotaur Berserker began the quest for the Orb.
     0 | D:1      | Reached XP level 1. HP: 19/19 MP: 0/0
    91 | D:1      | Reached XP level 2. HP: 17/27 MP: 1/1
   459 | D:1      | Reached skill level 4 in Axes
  1027 | D:1      | You fall through a shaft!
  1032 | D:2      | Reached ** piety under Trog
  1032 | D:2      | Reached XP level 3. HP: 28/33 MP: 2/2
  1405 | D:2      | Reached XP level 4. HP: 38/40 MP: 3/3
  1439 | D:2      | Found a radiant altar of Vehumet.
  1738 | D:2      | Found a runed door.
  1743 | D:2      | Noticed Crazy Yiuf
  1746 | D:2      | Killed Crazy Yiuf
  2053 | D:3      | Noticed a centaur
  2058 | D:3      | Killed a centaur
  2058 | D:3      | Reached skill level 5 in Axes
  2058 | D:3      | Reached XP level 5. HP: 34/47 MP: 4/4
  2254 | D:3      | Noticed Natasha
  2259 | D:3      | Killed Natasha
  2366 | D:3      | Found a shadowy altar of Dithmenos.
  2578 | D:3      | Reached *** piety under Trog
  2584 | D:3      | Noticed Natasha
  2592 | D:3      | Killed Natasha
  2631 | D:3      | Reached skill level 6 in Axes
  2690 | D:3      | Noticed Natasha
  2697 | D:3      | Killed Natasha
  2697 | D:3      | Reached XP level 6. HP: 50/53 MP: 5/5
  3136 | D:4      | Reached skill level 7 in Axes
  3463 | D:4      | Reached skill level 8 in Axes
  3463 | D:4      | Reached XP level 7. HP: 51/60 MP: 6/6
  3862 | D:5      | Entered Level 5 of the Dungeon
  3905 | D:5      | Reached skill level 9 in Axes
  4144 | D:5      | Found an iron altar of Okawaru.
  4363 | D:6      | Got a dazzling scale mail
  4374 | D:6      | Identified the +3 scale mail of the Many Souls {Int+2} (You found it on level 6 of the Dungeon)
  4465 | D:6      | Reached skill level 10 in Axes
  4498 | D:6      | Reached XP level 8. HP: 67/67 MP: 7/7
  4511 | D:6      | Found a staircase to the Ecumenical Temple.
  4533 | D:6      | Found a white marble altar of Elyvilon.
  4535 | D:6      | Found a hide-covered altar of Uskayaw.
  4814 | D:6      | Reached skill level 11 in Axes
  5011 | D:6      | Found a snail-covered altar of Cheibriados.
  5174 | D:7      | Reached **** piety under Trog
  5260 | D:7      | Noticed Menkaure
  5273 | D:7      | Killed Menkaure
  5273 | D:7      | Reached skill level 12 in Axes
  5598 | D:7      | Noticed a hippogriff
  5611 | D:7      | Killed a hippogriff
  5611 | D:7      | Reached skill level 13 in Axes
  5611 | D:7      | Reached XP level 9. HP: 66/72 MP: 8/8
  5941 | D:8      | Reached skill level 14 in Axes
  6141 | D:8      | Noticed Erica
  6168 | D:8      | Killed Erica
  6168 | D:8      | Reached skill level 15 in Axes
  6228 | D:8      | HP: 3/72 [poisoned by a worker ant]
  6992 | D:8      | Found a glowing golden altar of the Shining One.
  7103 | D:9      | Killed an unseen horror
  7103 | D:9      | Reached XP level 10. HP: 38/80 MP: 9/9
  7453 | D:9      | Reached skill level 16 in Axes
  7494 | D:9      | Noticed MondaySad's ghost (novice MiBe)
  7515 | D:9      | Killed MondaySad's ghost
  7526 | D:9      | Noticed a two-headed ogre
  7537 | D:9      | Killed a two-headed ogre
  7537 | D:9      | Reached skill level 17 in Axes
  8229 | D:9      | Reached ***** piety under Trog
  8259 | D:10     | Entered Level 10 of the Dungeon
  8293 | D:10     | Gained mutation: You expend magic power (3 MP) to strengthen your wands. [mutagenic meat]
  8294 | D:10     | Gained mutation: You are partially covered in molten scales. (AC +2) [mutagenic meat]
  8346 | D:10     | Noticed Sonja
  8368 | D:10     | HP: 1/80 [poisoned by Sonja]
  8369 | D:10     | Succumbed to Sonja's poison

Skill      XL: |  1  2  3  4  5  6  7  8  9 10 |
---------------+-------------------------------+-----
Axes           | 4 5 6 8 10 13 15 17 | 17.2
Fighting       | 4 |  4.5
Armour         | 3 4 |  4.7
Dodging        | 3 4 |  4.6

Action                   |  1- 3 |  4- 6 |  7- 9 | 10-12 || total
-------------------------+-------+-------+-------+-------++-------
Melee: Hand axe          |    92 |   132 |   329 |   155 ||   708
       Headbutt          |    16 |    17 |    57 |    32 ||   122
Invok: Berserk           |       |     1 |     4 |     1 ||     6
       Trog's Hand       |       |       |     1 |     1 ||     2
Evoke: Wand              |       |       |       |     1 ||     1
  Use: Scroll            |       |       |     4 |       ||     4
 Stab: Sleeping          |     1 |       |       |       ||     1
  Eat: Chunk             |     2 |     7 |    14 |     8 ||    31
       Bread ration      |       |       |     1 |       ||     1
Armor: Animal skin       |    17 |       |       |       ||    17
       Ring mail         |       |    34 |     4 |       ||    38
       Scale mail        |       |       |   122 |    80 ||   202
Dodge: Dodged            |    74 |    70 |   115 |    67 ||   326
